Map: Magannatha LE

Players

LiquidClem (Clem)

  • Race: Protoss Protoss
  • League: Master
  • Spawn Location: 5:00

ByuN - Winner!

  • Race: Terran Terran
  • League: Diamond
  • Spawn Location: 11:00

VOD

Have the link to the VOD?

Description

Time

  • Played on: May 27, 2025, 10:38 p.m.
  • Length: 12:41
Show
View Real Time Build Order
Export as new Build Order

LiquidClem Protoss 

Build Orders: 1 Gate Expand, Blink Stalkers, Colossus Rush 

Get SALT Encoding   

  12  0:00  Probe  
  13  0:12  Probe  
  14  0:16  Pylon  
  14  0:22  Probe  
  15  0:30  Probe  
  15  0:35  Gateway  
  16  0:39  Probe  
  16  0:45  Assimilator  
  17  0:51  Probe  
  18  1:03  Probe  
  19  1:15  Probe  
  20  1:22  Cybernetics Core  
  20  1:34  Nexus  
  20  1:41  Pylon  
  20  1:44  Probe  
  21  1:50  Assimilator, Adept  
  21  1:56  Probe  
  24  2:03  Warp Gate  
  24  2:08  Probe  
  24  2:10  Adept  
  25  2:21  Probe  
  28  2:29  Twilight Council  
  28  2:33  Probe  
  29  2:37  Stalker  
  29  2:40  Blink  
  29  2:42  Probe  
  31  2:46  Probe  
  31  2:50  Probe  
  33  2:58  Probe  
  35  3:00  Probe  
  35  3:04  Gateway  
  34  3:12  Probe, Stalker  
  35  3:16  Probe  
  38  3:24  Probe  
  39  3:28  Probe  
  39  3:32  Robotics Facility  
  40  3:36  Probe  
  40  3:37  Pylon  
  40  3:40  Probe  
  42  3:41  Shield Battery  
  41  3:48  Probe  
  41  3:52  Probe  
  39  3:57  Stalker  
  39  3:58  Stalker  
  39  4:00  Probe  
  44  4:04  Probe  
  45  4:12  Probe  
  45  4:16  Probe  
  45  4:17  Shield Battery  
  47  4:19  Observer  
  48  4:24  Probe  
  48  4:29  Pylon  
  48  4:30  Probe  
  50  4:31  Nexus  
  50  4:37  Assimilator, Observer  
  50  4:38  Probe  
  52  4:39  Assimilator  
  52  4:42  Probe  
  53  4:49  Stalker x2  
  53  4:50  Charge, Probe  
  58  4:53  Pylon  
  59  5:02  Probe  
  59  5:03  Gateway  
  59  5:05  Probe  
  58  5:14  Robotics Bay, Probe  
  58  5:16  Gateway  
  59  5:21  Zealot x2  
  65  5:29  Gateway  
  65  5:32  Gateway  
  63  5:37  Probe x2  
  63  5:39  Pylon  
  64  5:47  Probe  
  64  5:49  Probe x2  
  67  5:53  Phoenix  
  67  5:55  Gateway, Sentry  
  69  5:58  Gateway  
  69  5:59  Zealot, Colossus  
  69  6:00  Zealot  
  69  6:02  Probe  
  69  6:03  Probe  
  76  6:04  Probe  
  82  6:19  Extended Thermal Lance  
  82  6:21  Probe x3  
  82  6:24  Pylon  
  85  6:26  Sentry  
  90  6:41  Zealot, Pylon  
  90  6:43  Colossus  
  90  6:45  Zealot x4  
  97  6:50  Shield Battery  
  97  6:51  Shield Battery, Pylon  
  97  6:59  Pylon  
  103  7:06  Zealot x3  
  109  7:11  Zealot x2  
  109  7:14  Zealot  
  113  7:21  Zealot x2  
  115  7:31  Pylon  
  115  7:32  Zealot x5  
  124  7:46  Pylon  
  124  7:48  Zealot  
  116  8:01  Pylon  
  116  8:02  Nexus  
  116  8:03  Pylon  
  116  8:04  Pylon  
  112  8:17  Colossus  
  106  8:22  Zealot x3  
  118  8:30  Pylon  
  118  8:33  Pylon  
  117  8:35  Pylon  
  117  8:45  Gateway  
  117  8:48  Gateway  
  117  8:49  Zealot, Sentry  
  117  8:50  Gateway  
  121  8:59  Dark Shrine  
  121  9:09  Pylon  
  121  9:11  Pylon  
  120  9:23  Observer  
  86  9:34  Zealot x4  
  86  9:38  Zealot  
  94  10:12  Dark Templar  
  94  10:14  Probe, Dark Templar  
  96  10:22  Probe  
  95  10:28  Stalker x3  
  95  10:29  Stalker, Observer  
  103  10:49  Dark Templar x2  
  105  10:58  Archon  
  105  11:14  Dark Templar  
  107  11:18  Dark Templar  
  109  11:27  Archon  
  109  11:37  Dark Templar  
  109  11:48  Dark Templar  
Show
View Real Time Build Order
Export as new Build Order

ByuN Terran - Winner!

Build Orders:  

Get SALT Encoding   

  12  0:00  SCV  
  13  0:12  SCV  
  14  0:17  Supply Depot  
  14  0:24  SCV  
  14  0:27  Refinery  
  15  0:38  SCV  
  16  0:44  Barracks  
  16  0:50  SCV  
  17  1:03  SCV  
  18  1:06  Engineering Bay  
  18  1:15  SCV  
  19  1:31  Orbital Command  
  19  1:32  Marine, Factory  
  20  1:47  Supply Depot  
  20  1:50  Barracks Reactor  
  20  1:56  SCV  
  21  2:09  SCV  
  22  2:17  Command Center  
  22  2:21  SCV  
  23  2:29  Hellion x2  
  27  2:33  Supply Depot  
  27  2:35  SCV  
  28  2:38  Marine  
  29  2:50  Hellion  
  31  2:55  Hellion, SCV  
  31  2:57  Barracks Tech Lab  
  34  3:07  SCV  
  34  3:08  Barracks  
  34  3:11  Refinery  
  35  3:19  SCV  
  36  3:23  Barracks  
  36  3:30  Siege Tank  
  36  3:31  SCV  
  40  3:39  Orbital Command  
  40  3:43  SCV  
  40  3:44  Marine  
  41  3:56  Bunker, SCV  
  41  3:57  Barracks Tech Lab  
  41  3:59  Marine  
  41  4:02  Marine  
  43  4:06  SCV  
  43  4:08  SCV  
  45  4:11  Siege Tank  
  45  4:12  Barracks Reactor  
  46  4:18  SCV  
  46  4:20  Marine x2  
  46  4:21  Marine  
  46  4:22  SCV  
  47  4:26  Stimpack  
  47  4:30  Supply Depot, SCV  
  48  4:37  Engineering Bay  
  48  4:38  Marine  
  48  4:39  Marine  
  48  4:40  Marine  
  48  4:41  SCV  
  48  4:42  SCV  
  53  4:51  Marine  
  53  4:52  Siege Tank, Supply Depot  
  57  4:56  Supply Depot  
  57  4:58  Marine x3  
  57  4:59  Marine  
  61  5:01  SCV  
  61  5:06  Terran Infantry Weapons Level 1  
  62  5:10  SCV  
  62  5:14  SCV  
  62  5:15  Marine  
  62  5:16  Marine x3  
  62  5:17  Marine  
  68  5:22  Supply Depot  
  68  5:25  Siege Tank  
  72  5:28  SCV x2  
  73  5:39  Marine x4  
  77  5:43  Marine  
  77  5:45  Supply Depot, SCV  
  77  5:47  SCV  
  80  5:54  Supply Depot  
  80  5:56  Marine  
  80  5:57  Marine x3  
  81  6:01  Marine  
  85  6:06  Combat Shield  
  85  6:07  Siege Tank  
  85  6:08  Supply Depot  
  88  6:15  Marine x2  
  88  6:16  Marine x2  
  92  6:19  Marine  
  93  6:33  Marine x3  
  93  6:34  Marine  
  93  6:37  Marine  
  93  6:39  Siege Tank, Supply Depot  
  101  6:51  Marine x4  
  105  6:55  Marine  
  105  7:00  Terran Infantry Armor Level 1  
  103  7:09  Marine x4  
  103  7:12  Marine  
  103  7:14  Siege Tank  
  108  7:27  Marine x4  
  112  7:30  Marine  
  113  7:44  Marine  
  113  7:45  Marine x3  
  113  7:48  Marine  
  118  7:51  Siege Tank  
  121  8:02  Marine x3  
  121  8:03  Marine  
  122  8:06  Marine  
  120  8:17  Bunker  
  120  8:18  Bunker  
  113  8:20  Marine x4  
  113  8:24  Marine  
  112  8:34  Bunker  
  112  8:38  Marine x4  
  116  8:42  Marine, Siege Tank  
  119  8:58  Marine x3  
  117  9:08  Missile Turret  
  117  9:18  Bunker  
  117  9:19  Bunker  
  117  9:21  Orbital Command  
  109  9:53  Missile Turret  
  108  10:02  Bunker  
  108  10:03  Bunker  
  108  10:13  Orbital Command  
  108  10:26  Engineering Bay  
  108  10:47  Supply Depot  
  108  10:59  Orbital Command  
  108  11:10  Missile Turret x2  
  108  11:16  Supply Depot  
  107  11:37  Marine x4  
  110  11:40  Orbital Command  
  110  11:57  Marine x3  
  110  11:58  Marine  
  110  11:59  Marine  
  110  12:01  Siege Tank  
  103  12:09  Bunker  
  103  12:14  SCV  
  103  12:15  Marine x3  
  102  12:16  Marine  
  102  12:22  SCV  
Tags
 
Add a new tag
Caveats
  • Supply blocks, unpowered buildings, or Contaminate may cause inaccurate times.
  • Supply counts are checked every 10 seconds.